 Dungeon Crawl Stone Soup version 0.25-a0-287-g56a5b49892 (webtiles) character file.

Game seed: 17560482427695524067, levelgen mode: deterministic

791 Henning the Cudgeler (level 7, -5/44 HPs)
             Began as a Gargoyle Fighter on Dec 12, 2019.
             Was a Priest of Jiyva.
             Slain by a troll (13 damage)
             ... on level 5 of the Dungeon.
             The game lasted 00:12:19 (4034 turns).

Henning the Cudgeler (Gargoyle Fighter)             Turns: 4034, Time: 00:12:20

Health: -5/44      AC: 14    Str: 21    XL:     7   Next: 88%
Magic:  7/7        EV:  7    Int:  8    God:    Jiyva [***...]
Gold:   223        SH: 10    Dex: 10    Spells: 6/6 levels left

rFire    . . .     SeeInvis .   y - +2 whip (venom)
rCold    . . .     Gourm    .   c - +0 shield
rNeg     + . .     Faith    .   b - +0 scale mail
rPois    ∞         Spirit   .   n - +0 helmet
rElec    +         Reflect  .   w - +0 cloak
rCorr    +         Harm     .   (no gloves)
MR       .....                  (no boots)
Stlth    +.........             (no amulet)
HPRegen  0.14/turn              m - ring of stealth
MPRegen  0.10/turn              (no ring)

@: no status effects
A: negative energy resistance 1, electricity resistance, unbreathing, eyeballs
1, petrification resistance, rot immunity, AC +4
a: Request Jelly, Renounce Religion


You were on level 5 of the Dungeon.
You worshipped Jiyva.
Jiyva was most pleased with you.
You were hungry.

You visited 1 branch of the dungeon, and saw 5 of its levels.

You collected 223 gold pieces.

Inventory:

Hand Weapons
 a - a +0 flail
 v - a +0 war axe of electrocution
 x - a +0 trident
 y - a +2 whip of venom (weapon)
 F - a +0 falchion
 I - a +0 shortbow
Missiles
 k - 7 javelins (quivered)
 r - 23 arrows
 D - 25 stones
 E - 10 sling bullets
Armour
 b - a +0 scale mail (worn)
 c - a +0 shield (worn)
 n - a +0 helmet (worn)
 w - a +0 cloak (worn)
 G - a +2 pair of gloves of dexterity
 H - a +0 robe
 J - a +0 buckler
Jewellery
 m - a ring of stealth (left hand)
Wands
 o - a wand of flame (2)
Scrolls
 h - 7 scrolls of identify {unknown}
 i - 2 scrolls of amnesia {unknown}
 j - 3 scrolls of teleportation {unknown}
 q - a scroll of blinking {unknown}
 t - 2 scrolls of remove curse {unknown}
 u - a scroll of fog {unknown}
 B - a scroll of enchant armour {unknown}
Potions
 d - 4 potions of might
 e - a potion of ambrosia {unknown}
 g - 3 potions of heal wounds {unknown}
 l - a potion of curing
 p - a potion of berserk rage {unknown}
 s - a potion of haste {unknown}
 z - a potion of magic {unknown}
 A - a potion of degeneration {unknown}
 C - 2 potions of flight {unknown}
Comestibles
 f - 9 rations


   Skills:
 + Level 5.2 Fighting
 * Level 5.7 Maces & Flails
 + Level 5.2 Armour
 + Level 5.2 Shields


You had 6 spell levels left.
You didn't know any spells.
Your spell library contained the following spells:

 Spells                   Type           Power        Failure   Level  Hunger
 Confusing Touch          Hex            #.....       98%         1    ##.....
 Confuse                  Hex            #.......     100%        3    ####...
 Gell's Gravitas          Tloc           #.........   100%        3    ####...
 Petrify                  Tmut/Erth      #.......     100%        4    #####..
 Metabolic Englaciation   Hex/Ice        #.........   100%        5    ######.
 Yara's Violent Unravell  Hex/Tmut       #.........   100%        5    ######.


Dungeon Overview and Level Annotations

Branches:
Dungeon (5/15)
 Temple: D:4-7

Altars:
The Shining One
Jiyva

Shops:
D:5 [


Innate Abilities, Weirdness & Mutations

You are resistant to torment.
Your stone body is resilient. (AC +4)
You are immune to poison.
You resist negative energy. (rN+)
You are resistant to electric shocks. (rElec)
You can survive without breathing.
You are immune to petrification.
You are immune to rotting.
Your body has grown golden eyes which may confuse attackers. (Acc +3)


Message History

J - a buckler You are feeling hungry.
You closely miss the troll. You barely miss the troll.
You block the troll's attack.
The troll claws you but does no damage. x2
The eyeballs on your body gaze at the troll.
You hit the troll.
The troll is poisoned.
The troll is lightly wounded.
The troll bites you!
* * * LOW HITPOINT WARNING * * *
The troll claws you.
* * * LOW HITPOINT WARNING * * *
The troll claws you.
* * * LOW HITPOINT WARNING * * *
You strike the helpless troll from behind!
You hit the troll.
The troll looks as sick as possible!
The troll is moderately wounded.
The troll gestures wildly.
The troll bites you!
You die...

.##'###.###..# #....###'###
.'...#.........#..........#
.#...#.........#..........#
##..##..##....##..........#
##..##..###+####..........#
+....#..# #..........#
##...'..# #....###...#
##..##..# #....###...#
######..# #@T........#
.+......# #..........#
##......# #..........#
##......# +.........
........# #.........
##..##..# #.....##..
###+##..# #.....# ..
##......# #.....+
........##


You could see a troll (confused).

Vanquished Creatures
  A centaur (D:5)
  Blork the orc (D:4)
  A water moccasin zombie (D:5)
  2 scorpions (D:5)
  2 water moccasin skeletons
  A bullfrog zombie (D:5)
  A crimson imp (D:5)
  Natasha (thrice) (D:2)
  4 worker ants
  A hound zombie (D:5)
  3 adders
  2 adder zombies (D:2)
  2 adder skeletons
  9 worms
  3 leopard geckos
  2 orcs
  A giant cockroach (D:2)
  9 goblins
  9 hobgoblins
  6 jackals
  8 kobolds
  2 quokkas
  4 bats (D:1)
  6 frilled lizards
  A leopard gecko skeleton (D:4)
  A leopard gecko zombie (D:2)
  8 rats
93 creatures vanquished.

Vanquished Creatures (others)
  2 orc priests (D:4)
  A howler monkey skeleton (D:4)
  An adder skeleton (D:4)
  4 orcs
  7 jackals (D:4)
  A quokka (D:4)
  A frilled lizard (D:4)
17 creatures vanquished.

Grand Total: 110 creatures vanquished

Notes
Turn   | Place    | Note
-------+----------+-------------------------------------------
     0 | D:1      | Henning the Gargoyle Fighter began the quest for the Orb.
     0 | D:1      | Reached XP level 1. HP: 14/14 MP: 1/1
   343 | D:1      | Reached XP level 2. HP: 17/19 MP: 2/2
   744 | D:1      | Reached XP level 3. HP: 23/23 MP: 3/3
  1019 | D:2      | Noticed Natasha
  1027 | D:2      | Killed Natasha
  1027 | D:2      | Reached XP level 4. HP: 17/29 MP: 4/4
  1287 | D:2      | Noticed Natasha
  1299 | D:2      | Killed Natasha
  1299 | D:2      | Reached XP level 5. HP: 11/33 MP: 5/5
  1560 | D:2      | Noticed Natasha
  1570 | D:2      | Killed Natasha
  2091 | D:3      | Reached XP level 6. HP: 36/39 MP: 6/6
  2240 | D:3      | Found a faded altar of an unknown god.
  2280 | D:3      | Became a worshipper of Jiyva Jufaf the Shapeless
  2280 | D:3      | Reached * piety under Jiyva
  2909 | D:4      | Reached ** piety under Jiyva
  3003 | D:4      | Reached *** piety under Jiyva
  3025 | D:4      | Found a glowing golden altar of the Shining One.
  3099 | D:4      | Noticed Blork the orc
  3114 | D:4      | Killed Blork the orc
  3662 | D:5      | Entered Level 5 of the Dungeon
  3742 | D:5      | Found Buih Cisch's Antique Armour Boutique.
  3758 | D:5      | Reached XP level 7. HP: 43/44 MP: 7/7
  3803 | D:5      | Reached skill level 5 in Maces & Flails
  3810 | D:5      | Gained mutation: Your body has grown golden eyes which may
                  | confuse attackers. (Acc +3) [Jiyva's grace]
  3937 | D:5      | Reached skill level 5 in Fighting
  3937 | D:5      | Reached skill level 5 in Armour
  3950 | D:5      | Reached skill level 5 in Shields
  4023 | D:5      | Noticed a troll
  4034 | D:5      | Slain by a troll

Levels and vault maps discovered:
D:1:      nzn_arrival_crosshair, layout_basic, hangedman_glass_teeth
D:2:      layout_loops_corners, serial_undead, serial_undead_d, serial_undead_e,
          serial_undead_f, serial_undead_a, serial_undead_f, serial_undead_e,
          uniq_natasha
D:3:      layout_basic, chequers_ecumenical_altar_lobes, first_ration
D:4:      layout_basic, nicolae_tso_swordbearing_angel, minmay_pentomino_pile,
          uniq_blork_the_orc
D:5:      layout_gridville, serial_shops, shop_fountains

Skill      XL: |  1  2  3  4  5  6  7 |
---------------+----------------------+-----
Maces & Flails | 3 4 5 |  5.7
Fighting       | 4 5 |  5.2
Armour         | 4 5 |  5.2
Shields        | 4 5 |  5.2

Action                   |  1- 3 |  4- 6 |  7- 9 || total
-------------------------+-------+-------+-------++-------
Melee: Flail             |   110 |   222 |       ||   332
       Whip              |       |    34 |    68 ||   102
Throw: Javelin           |     8 |     4 |       ||    12
 Stab: Confused          |       |       |     2 ||     2
  Eat: Chunk             |     1 |     7 |       ||     8
Armor: Scale mail        |    74 |   135 |    28 ||   237
Dodge: Dodged            |    35 |    73 |    12 ||   120
Block: Shield            |    53 |   125 |    30 ||   208

Table legend:
 A = Non-vault XP
 B = Vault XP
 C = Vault XP percentage of total XP
 D = Non-vault monster count
 E = Vault monster count
 F = Vault count percentage of total count
                 A         B        C        D         E       F
            +---------+---------+-------+---------+---------+-------
      Total |     982 |     148 |  13.1 |      87 |       6 |   6.5
            +---------+---------+-------+---------+---------+-------
        D:1 |      42 |       0 |   0.0 |      26 |       0 |   0.0
        D:2 |     175 |      49 |  21.9 |      26 |       4 |  13.3
        D:3 |     105 |       0 |   0.0 |      13 |       0 |   0.0
        D:4 |      90 |      99 |  52.4 |       8 |       2 |  20.0
        D:5 |     570 |       0 |   0.0 |      14 |       0 |   0.0
            +---------+---------+-------+---------+---------+-------
